 Seeded DCSS version 0.29.1-12-g30fa7ad0bf (webtiles) character file.

Game seed: 1 (custom seed)

1644 Kazon the Shield-Bearer (level 8, -4/43 HPs)
             Began as a Vine Stalker Fighter on Jan 5, 2023.
             Killed by divine providence
             ... invoked by an orc priest
              (15 damage)
             ... on level 6 of the Dungeon on Jan 6, 2023.
             The game lasted 00:15:26 (4047 turns).

Kazon the Shield-Bearer (Vine Stalker Fighter)      Turns: 4047, Time: 00:15:27

Health: -4/43      AC: 13    Str: 19    XL:     8   Next: 99%
Magic:  0/0        EV: 12    Int: 10    God:
Gold:   196        SH:  5    Dex: 14    Spells: 7/7 levels left

rFire   . . .      SeeInvis .   s - +3 falchion of Winter {venom, rCorr}
rCold   + + +      Faith    .   c - +0 buckler
rNeg    + . .      Spirit   +   B - +3 leather armour {rC+}
rPois   .          Reflect  .   k - +0 helmet
rElec   +          Harm     .   (no cloak)
rCorr   +          Rampage  .   o - +1 pair of gloves of the Vaults {rElec rC+ rCorr MP-9}
Will    +....                   l - +2 pair of boots
Stlth   +++.......              f - amulet of the acrobat
HPRegen 0.94/turn               u - ring of positive energy
MPRegen 0.07/turn               D - ring of protection from cold

@: no status effects
A: fangs 3, regeneration 1, magic shield, antimagic bite, no potion heal 2
a: no special abilities


You were on level 6 of the Dungeon.
You visited 1 branch of the dungeon, and saw 6 of its levels.

You collected 380 gold pieces.
You spent 184 gold pieces at shops.

Inventory:

Hand Weapons
 e - a +2 dagger of venom
 s - the +3 falchion of Winter (weapon) {venom, rCorr}
   (You bought it in a shop on level 3 of the Dungeon)

   It poisons the flesh of those it strikes.
   rCorr:     It protects you from acid and corrosion.
Missiles
 j - 13 stones (quivered)
 m - 2 curare-tipped darts
 q - 4 boomerangs
 r - a throwing net
Armour
 c - a +0 buckler (worn)
 k - a +0 helmet (worn)
 l - a +2 pair of boots (worn)
 o - the +1 pair of gloves of the Vaults (worn) {rElec rC+ rCorr MP-9}
   (You acquired it on level 1 of the Dungeon)

   rC:        It protects you from cold.
   rElec:     It insulates you from electricity.
   MP:        It affects your magic capacity (-9).
   rCorr:     It protects you from acid and corrosion.
 B - a +3 leather armour of cold resistance (worn)
Jewellery
 f - an amulet of the acrobat (around neck)
 u - a ring of positive energy (left hand)
 D - a ring of protection from cold (right hand)
Wands
 z - a wand of mindburst (11)
 A - a wand of flame (13)
Scrolls
 a - a scroll of teleportation {unknown}
 i - 8 scrolls of identify
 n - 2 scrolls of immolation {unknown}
 p - a scroll of poison {unknown}
 t - a scroll of fog {unknown}
 v - a scroll of magic mapping {unknown}
 w - 2 scrolls of noise {unknown}
 E - a scroll of enchant weapon {unknown}
Potions
 b - 2 potions of berserk rage {unknown}
 d - a potion of might
 g - 2 potions of haste {unknown}
 h - a potion of flight {unknown}
 x - 3 potions of lignification {unknown}
 y - a potion of attraction {unknown}
 C - a potion of cancellation {unknown}
 F - a potion of magic {unknown}


   Skills:
 + Level 5.3 Fighting
 + Level 4.6(5.7) Short Blades
 + Level 5.0(5.9) Long Blades
 + Level 4.1 Throwing
 + Level 5.3 Armour
 + Level 3.7 Dodging
 + Level 5.4 Stealth
 + Level 5.4 Shields
 * Level 2.1 Evocations


You had 7 spell levels left.
You didn't know any spells.
Your spell library contained the following spells:

 Spells                   Type           Power      Damage    Failure   Level
 Apportation              Tloc           0%         N/A       50%         1
 Necrotise                Necr           0%         1d4       50%         1
 Sting                    Tmut/Pois      0%         1d3       50%         1
 Summon Small Mammal      Summ           0%         N/A       50%         1
 Poisonous Vapours        Pois/Air       0%         N/A       65%         2
 Olgreb's Toxic Radiance  Pois           0%         N/A       99%         4
 Fireball                 Conj/Fire      0%         3d3       100%        5
 Iskenderun's Battlesphe  Conj           0%         2d6       100%        5
 Conjure Ball Lightning   Conj/Air       0%         3x3d6     100%        6
 Orb of Destruction       Conj           0%         9d5       100%        7


Dungeon Overview and Level Annotations

Branches:
Dungeon (6/15)
 Temple: D:4-7

Altars:
Hepliaklqana

Shops:
D:3 (


Innate Abilities, Weirdness & Mutations

You have razor-sharp teeth.
Your natural rate of healing is unusually fast.
When hurt, damage is shared between your health and your magic reserves.
Your bite disrupts and absorbs the magic of your enemies.
Potions cannot restore your health.


Message History

You closely miss the orc. You bite the orc!
You kill the orc!
You hit the orc warrior.
The orc warrior is poisoned.
The orc warrior is lightly wounded.
The orc warrior hits you with a +0 mace!
You hit the orc warrior but do no damage.
You bite the orc warrior, but do no damage.
The orc warrior is lightly wounded.
You block the orc warrior's attack.
You barely miss the orc warrior.
The orc warrior is lightly wounded.
The orc warrior misses you.
You closely miss the orc warrior. You bite the orc warrior.
You drain its power.
The orc warrior is moderately wounded.
The orc warrior closely misses you.
An orc priest comes into view. It is wielding a +0 hand axe.
You hit the orc warrior.
The orc warrior looks as sick as possible!
You bite the orc warrior! You drain its power.
The orc warrior is almost dead.
The orc warrior hits you with a +0 mace!
The orc priest invokes the aid of Beogh against you.
Beogh smites you!
* * * LOW HITPOINT WARNING * * *
You hit the orc warrior but do no damage.
The orc warrior looks as sick as possible!
You bite the orc warrior.
You kill the orc warrior!
Your Long Blades skill increases to level 5!
You hit the orc but do no damage. Your bite misses the orc.
The orc closely misses you.
You hit the orc.
The orc is poisoned.
The orc is heavily wounded.
The orc closely misses you.
You hit the orc.
You kill the orc!
The orc priest mumbles some strange prayers to Beogh against you.
Beogh smites you!
You die...

#.## ..>.
#..#####
#.......#
##..#.# .#
.....#..#
####))..#.#
#.@)o.....#
#.##....###
#. #......#
.. #..<##.#
##.
#.......#
..
##.######
#. #.# #.
#.# #.#


You could see an orc priest.

Vanquished Creatures
  Eustachio (D:5)
  Menkaure (D:5)
  A water moccasin (D:5)
  An orc warrior (D:6)
  A sky beast (D:5)
  2 centaurs (D:5)
  A necrophage (D:5)
  5 scorpions
  A howler monkey (D:5)
  A hound (D:4)
  An orc priest (D:3)
  3 iguanas
  Robin (D:3)
  6 gnolls
  9 adders
  An ufetubus (D:5)
  3 worms
  10 orcs
  11 endoplasms
  A giant cockroach (D:1)
  16 goblins
  9 hobgoblins
  A jackal (D:4)
  4 kobolds
  A quokka (D:1)
  5 ball pythons
  4 bats
  3 frilled lizards
  6 rats
110 creatures vanquished.

Notes
Turn   | Place    | Note
-------+----------+-------------------------------------------
     0 | D:1      | Kazon the Vine Stalker Fighter began the quest for the Orb.
     0 | D:1      | Reached XP level 1. HP: 11/11 MP: 2/2
    35 | D:1      | Identified a scroll of acquirement
    35 | D:1      | Acquired the +1 pair of gloves of the Vaults {rElec rC+
                  | rCorr MP-9}
   124 | D:1      | Reached XP level 2. HP: 14/16 MP: 0/3
   702 | D:2      | Reached XP level 3. HP: 16/19 MP: 0/4
  1305 | D:2      | Gained mutation: Your natural rate of healing is unusually
                  | fast. [Vine Stalker growth]
  1305 | D:2      | Reached XP level 4. HP: 19/24 MP: 0/5
  1591 | D:3      | Found Umat's Antique Weapon Boutique.
  1618 | D:3      | Bought a crude falchion for 184 gold pieces
  1618 | D:3      | Identified the +3 falchion of Winter {venom, rCorr} (You
                  | bought it in a shop on level 3 of the Dungeon)
  1767 | D:3      | Reached XP level 5. HP: 28/28 MP: 0/6
  1943 | D:3      | Noticed Robin
  1953 | D:3      | Reached skill level 1 in Dodging
  1963 | D:3      | Killed Robin
  2134 | D:3      | Reached skill level 5 in Armour
  2134 | D:3      | Reached skill level 5 in Stealth
  2134 | D:3      | Reached skill level 5 in Shields
  2134 | D:3      | Reached XP level 6. HP: 35/35 MP: 0/7
  2490 | D:4      | Reached XP level 7. HP: 36/38 MP: 0/8
  2930 | D:4      | Found a hazy altar of Hepliaklqana.
  3134 | D:5      | Entered Level 5 of the Dungeon
  3168 | D:5      | Noticed Eustachio
  3169 | D:5      | Reached skill level 5 in Fighting
  3186 | D:5      | Killed Eustachio
  3187 | D:5      | Reached skill level 1 in Evocations
  3187 | D:5      | Gained mutation: You have razor-sharp teeth. [Vine Stalker
                  | growth]
  3187 | D:5      | Reached XP level 8. HP: 7/43 MP: 0/9
  3610 | D:5      | Noticed Menkaure
  3623 | D:5      | Killed Menkaure
  4045 | D:6      | Reached skill level 5 in Long Blades
  4047 | D:6      | Killed from afar by an orc priest

Illustrated notes

Levels and vault maps discovered:
D:1:      dpeg_arrival_three_smaller_balls, layout_basic
D:2:      layout_loops_ring
D:3:      layout_basic, serial_shops, nicolae_shop_stone, st_stairs_9,
          minmay_misc_feat_doors, eino_curves_03, uniq_robin
D:4:      minmay_wonky_spiral, layout_basic,
          mainiacjoe_overflow_surrounded_room, minivault_5
D:5:      layout_cave_pods, uniq_menkaure, uniq_eustachio
D:6:      cheibrodos_barr_body, layout_basic, minmay_crystal_room,
          minmay_pentangle, uniq_maggie, uniq_edmund

Skill      XL: |  1  2  3  4  5  6  7  8 |
---------------+-------------------------+-----
Shields        | 3 5 |  5.4
Long Blades    | 2 4 5 |  5.0
Fighting       | 3 4 5 |  5.3
Armour         | 3 5 |  5.3
Dodging        | 3 |  3.7
Short Blades   | 3 4 |  4.6
Throwing       | 3 4 |  4.1
Stealth        | 5 |  5.4
Evocations     | 1 2 |  2.1

Action                   |  1- 3 |  4- 6 |  7- 9 || total
-------------------------+-------+-------+-------++-------
Melee: Long sword        |    79 |       |       ||    79
       Bite              |    20 |    19 |    50 ||    89
       Dagger            |     5 |    83 |    75 ||   163
       Falchion          |       |       |    61 ||    61
Throw: Stone             |     4 |    21 |    20 ||    45
       Boomerang         |       |     7 |       ||     7
Evoke: Wand              |       |       |     9 ||     9
  Use: Scroll            |     1 |       |     1 ||     2
       Potion            |       |     2 |       ||     2
 Stab: Sleeping          |       |       |     4 ||     4
Armor: Scale mail        |    30 |    22 |    37 ||    89
       Leather armour    |       |       |    15 ||    15
Dodge: Dodged            |    53 |    27 |    75 ||   155
Block: Buckler           |    15 |    15 |    36 ||    66
